 Dungeon Crawl Stone Soup version 0.16-a0-4044-gd6c5e7b (console) character file.

61 nht the Chopper (level 3, -1/24 HPs)
             Began as a Demonspawn Gladiator on Feb 19, 2015.
             Slain by an adder (5 damage)
             ... on level 2 of the Dungeon.
             The game lasted 00:01:27 (1024 turns).

nht the Chopper (Demonspawn Gladiator)              Turns: 1024, Time: 00:01:27

Health: -1/24      AC:  1    Str: 21    XL:     3   Next: 83%
Magic:  3/3        EV: 12    Int:  9    God:
Gold:   46         SH:  0    Dex: 13    Spells: 0 memorised, 2 levels left

rFire  . . .     SeeInvis .     a - +0 war axe
rCold  . . .     Clarity  .     b - +0 leather armour
rNeg   . . .     SustAb   .     (no shield)
rPois  .         Gourm    .     (helmet restricted)
rElec  .         Spirit   .     (no cloak)
rCorr  .         Warding  .     (no gloves)
rMut   .         Stasis   .     (no boots)
MR     .....                    (no amulet)
Stlth  +.........               (no ring)
                                (no ring)

@: mighty, lethally poisoned (-1 -> -10), not resistant to hostile enchantments,
very unstealthy
A: antennae 1, deformed body, frail 1, powered by pain 1, screaming 1
a: no special abilities


You were on level 2 of the Dungeon.
You were hungry.

You visited 1 branch of the dungeon, and saw 2 of its levels.

You collected 46 gold pieces.

Inventory:

Hand weapons
 a - a +0 war axe (weapon)
Missiles
 d - 3 throwing nets (quivered)
Armour
 b - a +0 leather armour (worn)
 c - a +0 helmet
Jewellery
 n - an uncursed ring of protection from cold {unknown}
Scrolls
 e - 2 scrolls of magic mapping {unknown}
 h - a scroll of recharging {unknown}
 o - 3 scrolls of identify {unknown}
 p - a scroll of remove curse {unknown}
 q - a scroll of enchant weapon {unknown}
Potions
 g - a potion of magic
Comestibles
 f - a bread ration
 i - a slice of pizza


   Skills:
 - Level 2.0 Fighting
 + Level 4.3 Axes
 - Level 1.7 Throwing
 - Level 2.6 Dodging


You had 2 spell levels left.
You didn't know any spells.

Dungeon Overview and Level Annotations

Branches:
Dungeon (2/15)

Altars:


Innate Abilities, Weirdness & Mutations

You have a pair of small antennae on your head.
You sometimes gain a little power by taking damage.
Armour fits poorly on your strangely shaped body.
You are frail (-10% HP).
You occasionally shout uncontrollably at your foes.


Message History

It was a potion of mutation.
You feel extremely strange.
Your body twists and deforms.
You feel frail.
You feel the urge to shout. The adder misses you.
Drink which item? (? for menu, Esc to quit)
It was a potion of curing.
You feel better. The adder bites you but does no damage.
The adder closely misses you.
Drink which item? (? for menu, Esc to quit)
It was a potion of might.
You feel very mighty all of a sudden. The adder bites you.
You are poisoned.
The adder poisons you!
You closely miss the adder.
You feel sick. The adder bites you. The adder bites you.
* * * LOW HITPOINT WARNING * * *
You are more poisoned.
The adder poisons you!
You closely miss the adder.
* * * LOW HITPOINT WARNING * * *
You feel sick. The adder bites you.
You die...

█.█..█ █.█..█ █.█.>█
█.█..█ █.█..█ █ ..█..█
█. ███..█ █. ██..█
█..████...█
█........)███
█....@......█
.......S███..█.█
███...█ █..█.█ █..█
██..█.█
█.█████.....███. . .
█.....................
█.███.......███. █.██.
█.████.....██ █.██.
█..........█ █.█..
█.██████...█ █ █.█..
██..█ █.██....


You could see an adder.

Vanquished Creatures
  Jessica (D:2)
  A giant gecko (D:1)
  2 ball pythons (D:1)
  8 bats
  2 giant cockroaches (D:1)
  7 hobgoblins
  A quokka (D:2)
  2 giant newts (D:1)
  8 goblins
  5 kobolds
  6 rats
43 creatures vanquished.

Notes
Turn   | Place    | Note
--------------------------------------------------------------
     0 | D:1      | nht, the Demonspawn Gladiator, began the quest for the Orb.
     0 | D:1      | Reached XP level 1. HP: 16/16 MP: 1/1
     2 | D:1      | Noticed a demonspawn
     2 | D:1      | Noticed an ogre
     4 | D:1      | Noticed a formicid
     6 | D:1      | Noticed a gargoyle
     8 | D:1      | Noticed a ghoul
     8 | D:1      | Noticed a human
    10 | D:1      | Noticed a troll
    12 | D:1      | Noticed an elf
    12 | D:1      | Noticed a vampire
    14 | D:1      | Noticed a draconian
    16 | D:1      | Noticed a demigod
    16 | D:1      | Noticed a vine stalker
    18 | D:1      | Noticed a merfolk
    18 | D:1      | Noticed a naga
    20 | D:1      | Noticed a tengu
    20 | D:1      | Noticed an octopode
    22 | D:1      | Noticed a dwarf
    22 | D:1      | Noticed a centaur
    24 | D:1      | Noticed a spriggan
    26 | D:1      | Noticed a felid
    26 | D:1      | Noticed a minotaur
    50 | D:1      | Reached skill level 3 in Axes
    98 | D:1      | Gained mutation: You have a pair of small antennae on your head. [demonic ancestry]
    98 | D:1      | Reached XP level 2. HP: 11/22 MP: 2/2
   525 | D:1      | HP: 1/22 [hobgoblin (1)]
   528 | D:1      | Gained mutation: You sometimes gain a little power by taking damage. [demonic ancestry]
   528 | D:1      | Reached XP level 3. HP: 2/27 MP: 3/3
   799 | D:2      | Reached skill level 4 in Axes
   880 | D:2      | Noticed Jessica
   890 | D:2      | Killed Jessica
  1020 | D:2      | Gained mutation: Armour fits poorly on your strangely shaped body. [potion of mutation]
  1020 | D:2      | Gained mutation: You are frail (-10% HP). [potion of mutation]
  1020 | D:2      | Gained mutation: You occasionally shout uncontrollably at your foes. [potion of mutation]
  1024 | D:2      | Slain by an adder

Action                   || total
-------------------------++-------
Melee: War axe           ||   136
  Use: Potion            ||     5
